 Dungeon Crawl Stone Soup version 0.26-a0-84-g8c18429 (webtiles) character file.

Game seed: 9914816376125947030

80952 thirtiethelement the Blocker (level 15, 0/120 HPs)
             Began as a Gnoll Fighter on June 16, 2020.
             Was a High Priest of Qazlal.
             Slain by a shambling mangrove (7 damage)
             ... on level 2 of the Swamp.
             The game lasted 00:57:41 (18797 turns).

thirtiethelement the Blocker (Gnoll Fighter)       Turns: 18797, Time: 00:57:42

Health: 0/120      AC: 36    Str: 23    XL:     15   Next: 68%
Magic:  18/29      EV: 10    Int: 15    God:    Qazlal [*****.]
Gold:   794        SH: 17    Dex: 15    Spells: 33/34 levels left

rFire    . . .     SeeInvis .   X - +4 broad axe (elec)
rCold    . . .     Gourm    .   W - +3 buckler {AC+3}
rNeg     . . .     Faith    .   J - +1 plate armour {rPois}
rPois    +         Spirit   .   i - +2 helmet {Int+3}
rElec    .         Reflect  .   s - +2 cloak
rCorr    .         Harm     .   S - +2 pair of gloves {archery}
MR       +....                  (no boots)
Stlth    ..........             x - amulet of regeneration (curse)
HPRegen  0.70/turn              g - +4 ring of slaying
MPRegen  0.21/turn              q - +4 ring of protection

@: grasped by roots, protected from physical damage, constricted, repel missiles
A: distributed training, fangs 1, strong nose
a: Upheaval, Elemental Force, Disaster Area, Renounce Religion


You were on level 2 of the Swamp.
You worshipped Qazlal.
Qazlal was extremely pleased with you.
You were very hungry.

You visited 4 branches of the dungeon, and saw 21 of its levels.
You also visited: Ossuary.

You collected 2452 gold pieces.
You spent 1658 gold pieces at shops.

Inventory:

Hand Weapons
 O - the +5 great mace of Delightful Judgement {drain, rPois rC+ rN+ Int+2}
   (You found it on level 11 of the Dungeon)

   A truly terrible weapon, it drains the life of those it strikes.
   It affects your intelligence (+2).
   It protects you from cold.
   It protects you from poison.
   It protects you from negative energy.
 X - a +4 broad axe of electrocution (weapon)
Missiles
 D - 39 boomerangs (quivered)
Armour
 c - a +0 kite shield
 i - a +2 helmet of intelligence (worn)
 s - a +2 cloak (worn)
 C - the +0 pair of gloves of the Dice {rC- Regen+ SInv}
   (You acquired it on level 9 of the Dungeon)

   It makes you vulnerable to cold.
   It lets you see invisible.
   It increases your rate of regeneration.
 J - a +1 plate armour of poison resistance (worn)
 S - a +2 pair of gloves of archery (worn)
 W - a +3 buckler of protection (worn)
Jewellery
 a - a +4 ring of evasion
 g - a +4 ring of slaying (left hand)
 l - an uncursed ring of fire
 n - an uncursed ring of positive energy
 p - an uncursed ring of ice
 q - a +4 ring of protection (right hand)
 x - a cursed amulet of regeneration (around neck)
 y - an uncursed ring of wizardry
Wands
 G - a wand of flame (12)
 K - a wand of digging (6)
 N - a wand of random effects (13)
 R - a wand of paralysis (7)
 T - a wand of clouds (6)
 Y - a wand of enslavement (5)
Scrolls
 j - 4 scrolls of enchant weapon
 m - 6 scrolls of amnesia
 r - 3 scrolls of fear
 t - a scroll of silence
 u - 5 scrolls of magic mapping
 z - 2 scrolls of immolation
 A - 2 scrolls of teleportation
 H - 7 scrolls of remove curse
 P - 8 scrolls of identify
 V - 2 scrolls of fog
Potions
 d - 3 potions of might
 e - a potion of resistance
 k - a potion of invisibility
 o - 8 potions of curing
 v - 4 potions of magic
 w - 3 potions of haste
 B - 4 potions of brilliance
 F - 2 potions of stabbing
 I - 3 potions of ambrosia
 L - 2 potions of flight
Miscellaneous
 E - a lightning rod (4/4)
 M - a phial of floods
 Q - a phantom mirror
 U - a tin of tremorstones (3/3)
Comestibles
 f - 34 rations


   Skills:
 + Level 11.8 Fighting
 + Level 10.1 Short Blades
 + Level 10.1 Long Blades
 + Level 11.0 Axes
 + Level 10.1 Maces & Flails
 + Level 10.1 Polearms
 + Level 10.1 Staves
 + Level 10.1 Slings
 + Level 10.1 Bows
 + Level 10.1 Crossbows
 + Level 10.1 Throwing
 + Level 11.8 Armour
 + Level 10.1 Dodging
 + Level 10.1 Stealth
 + Level 11.8 Shields
 + Level 10.1 Unarmed Combat
 + Level 10.1 Spellcasting
 + Level 8.5 Conjurations
 + Level 8.5 Hexes
 + Level 8.5 Charms
 + Level 8.5 Summonings
 + Level 8.5 Necromancy
 + Level 8.5 Translocations
 + Level 8.5 Transmutations
 + Level 8.5 Fire Magic
 + Level 8.5 Ice Magic
 + Level 8.5 Air Magic
 + Level 8.5 Earth Magic
 + Level 8.5 Poison Magic
 + Level 10.9 Invocations
 + Level 10.1 Evocations


You had 33 spell levels left.
You knew the following spells:

 Your Spells              Type           Power        Failure   Level  Hunger
a - Shock                 Conj/Air       ####         3%          1    None

Your spell library contained the following spells:

 Spells                   Type           Power        Failure   Level  Hunger
 Animate Skeleton         Necr           N/A          3%          1    None
 Apportation              Tloc           ####..       3%          1    None
 Corona                   Hex            ####...      3%          1    None
 Magic Dart               Conj           ####         3%          1    None
 Summon Small Mammal      Summ           ####         3%          1    None
 Blink                    Tloc           N/A          4%          2    None
 Call Imp                 Summ           ####....     4%          2    None
 Ensorcelled Hibernation  Hex/Ice        ####..       4%          2    None
 Slow                     Hex            ####....     4%          2    None
 Swiftness                Chrm/Air       ####....     4%          2    None
 Confusing Touch          Hex            ####....     10%         3    None
 Conjure Flame            Conj/Fire      ####....     10%         3    None
 Dazzling Flash           Conj/Hex       ####..       10%         3    None
 Mephitic Cloud           Conj/Pois/Air  ####....     10%         3    None
 Static Discharge         Conj/Air       ####....     10%         3    None
 Tukima's Dance           Hex            ####....     10%         3    None
 Airstrike                Air            ####......   30%         4    ###....
 Cause Fear               Hex            ####......   30%         4    ###....
 Lightning Bolt           Conj/Air       ####......   65%         5    #####..
 Silence                  Hex/Air        ####......   65%         5    #####..
 Yara's Violent Unravell  Hex/Tmut       ####......   65%         5    #####..
 Discord                  Hex            ####......   100%        8    #######


Dungeon Overview and Level Annotations

Branches:
Dungeon (11/15)            Temple (0/1) D:4            Lair (6/6) D:10
  Swamp (2/4) Lair:2        Snake (0/4) Lair:3        Slime (0/5) Lair:6
    Orc (2/2) D:9             Elf (0/3) Orc:2       Ossuary (visited)

Altars:
Dithmenos
Gozag
Hepliaklqana
Kikubaaqudgha
Makhleb
Nemelex Xobeh
Qazlal
Sif Muna
Trog
Xom
Yredelemnul
Beogh
Jiyva

Shops:
D:7 }::   Orc:1 [   Orc:2 (*??[

Annotations:
D:4 Blork the orc


Innate Abilities, Weirdness & Mutations

Your experience applies equally to all skills.
You have very sharp teeth.
Your uncanny sense of smell can sniff out nearby items.


Message History

The grasping roots constrict you.
You barely miss the alligator.
The alligator is moderately wounded.
You hit the shambling mangrove but do no damage.
Lightning courses through the shambling mangrove!
You hear an angry buzzing noise.
The alligator bites you!
* * * LOW HITPOINT WARNING * * *
The alligator tail-slaps you but does no damage.
You escape the roots' grasp.
You hear a chilling moan.
The shambling mangrove is engulfed in freezing vapours.
The alligator bites you but does no damage.
The alligator tail-slaps you!
* * * LOW HITPOINT WARNING * * *
You feel more protected from physical attacks.
You hear a roar!
Roots burst forth from the earth!
The grasping roots grab you!
You die...

.≈. ≈≈≈≈ ♣
≈.♣♣♣♣.♣≈≈
♣...≈♣....♣
∆
.♣.≈.≈≈..♣≈
..≈≈≈≈≈.≈≈
♣.≈≈§..≈≈≈
♣.≈≈≈≈≈♣≈♣
♣≈@.○.≈≈≈§
♣°†≈≈....≈
♣tf.☼≈≈...
♣°≈§♣♣≈≈.♣
♣○≈.♣ ..♣
♣.....≈.≈.♣
♣♣
♣♣...≈≈..♣♣
♣.♣♣♣≈.♣♣ ♣
♣♣♣♣


You could see a shambling mangrove and an alligator (swift).

Vanquished Creatures
  Snorg (Orc:1)
  Erolcha (D:9)
  8 hydras
  A shambling mangrove (Swamp:2)
  3 alligators
  4 two-headed ogres
  A dancing weapon (Lair:1)
  5 death yaks
  The ghost of pokeman the Thaumaturge, a journeyman DEWz of Vehumet (Lair:1)
  Sonja (D:10)
  An unseen horror (D:11)
  3 swamp dragons (Swamp:1)
  8 orc knights
  An orc sorcerer (Orc:1)
  2 wolf spiders (Lair:6)
  2 ugly things
  A cyclops (D:6)
  7 elephants
  13 black mambas
  A guardian serpent (Lair:6)
  Psyche (D:8)
  20 spiny frogs
  3 komodo dragons
  5 rime drakes
  2 trolls
  9 polar bears (Lair:6)
  3 hornets
  8 slime creatures
  2 tyrant leeches (Swamp:1)
  3 raiju (Lair:6)
  13 blink frogs
  A bog body (Swamp:1)
  11 dream sheep
  9 hippogriffs
  2 shadows
  9 wyverns
  A redback (Lair:6)
  23 yaks
  A basilisk (Lair:1)
  15 wargs
  4 swamp worms
  4 nagas (Lair:3)
  17 water moccasins
  12 hell hounds (Lair:6)
  10 porcupines
  33 orc warriors
  An ice beast (D:8)
  3 sky beasts
  14 black bears
  A swamp drake (Swamp:2)
  2 phantoms
  27 wolves
  15 ogres
  18 centaurs
  12 crocodiles
  A big kobold (D:9)
  10 bullfrogs
  A water moccasin skeleton (D:11)
  5 scorpions
  A wyvern skeleton (D:9)
  4 killer bees
  8 wights
  2 howler monkeys (D:9)
  5 crimson imps
  2 centaur zombies
  2 bullfrog zombies
  4 hounds
  A gnoll shaman (D:8)
  8 jellies
  18 orc priests
  3 centaur skeletons
  7 worker ants
  3 iguanas
  11 orc wizards
  3 big kobold zombies (Ossuary)
  A hound zombie (D:10)
  A hound skeleton (D:7)
  2 mummies (Ossuary)
  12 gnolls
  A howler monkey skeleton (D:5)
  11 adders
  2 shadow imps
  2 oozes (D:1)
  An adder zombie (D:7)
  2 worms
  A dart slug (D:1)
  5 leopard geckos
  70 orcs
  10 bats
  3 giant cockroaches
  2 gnoll zombies (Ossuary)
  12 hobgoblins
  16 jackals
  2 quokkas
  A ball python (D:2)
  6 frilled lizards
  A giant cockroach zombie (D:6)
  11 goblins
  4 goblin zombies (Ossuary)
  2 hobgoblin zombies (Ossuary)
  A jackal zombie (D:7)
  14 kobolds
  A leopard gecko skeleton (D:4)
  2 orc zombies (Ossuary)
  A quokka skeleton (D:5)
  13 rats
  6 fungi
  5 plants
702 creatures vanquished.

Vanquished Creatures (collateral kills)
  5 death yaks
  An elephant (Lair:4)
  3 yaks (Lair:3)
  A warg (Orc:1)
  2 orc warriors (Orc:1)
12 creatures vanquished.

Vanquished Creatures (others)
  A human (D:2)
  A centaur (Lair:5)
  2 orcs (Orc:2)
  A bush (Lair:4)
  29 fungi
  30 plants
64 creatures vanquished.

Grand Total: 778 creatures vanquished

Notes
Turn   | Place    | Note
-------+----------+-------------------------------------------
     0 | D:1      | thirtiethelement the Gnoll Fighter began the quest for the
                  | Orb.
     0 | D:1      | Reached XP level 1. HP: 23/23 MP: 1/1
   177 | D:1      | Reached XP level 2. HP: 27/29 MP: 2/2
   764 | D:1      | Reached XP level 3. HP: 35/35 MP: 3/3
  1270 | D:2      | Reached skill level 1 in Invocations
  1320 | D:2      | Reached skill level 1 in Short Blades
  1320 | D:2      | Reached skill level 1 in Long Blades
  1320 | D:2      | Reached skill level 1 in Maces & Flails
  1320 | D:2      | Reached skill level 1 in Polearms
  1320 | D:2      | Reached skill level 1 in Staves
  1320 | D:2      | Reached skill level 1 in Slings
  1320 | D:2      | Reached skill level 1 in Bows
  1320 | D:2      | Reached skill level 1 in Crossbows
  1320 | D:2      | Reached skill level 1 in Throwing
  1320 | D:2      | Reached skill level 1 in Dodging
  1320 | D:2      | Reached skill level 1 in Stealth
  1320 | D:2      | Reached skill level 1 in Unarmed Combat
  1320 | D:2      | Reached skill level 1 in Spellcasting
  1320 | D:2      | Reached skill level 1 in Evocations
  1342 | D:2      | Reached XP level 4. HP: 41/41 MP: 5/5
  1665 | D:2      | Found a sparkling altar of Nemelex Xobeh.
  1673 | D:2      | Found a burning altar of Makhleb.
  1676 | D:2      | Found a stormy altar of Qazlal.
  1682 | D:2      | Became a worshipper of Qazlal Stormbringer
  1692 | D:2      | Found a basalt altar of Yredelemnul.
  1705 | D:2      | Found an ancient bone altar of Kikubaaqudgha.
  1711 | D:2      | Noticed a human
  1713 | D:2      | Killed a human
  1842 | D:3      | Reached skill level 1 in Conjurations
  1842 | D:3      | Reached skill level 1 in Hexes
  1842 | D:3      | Reached skill level 1 in Charms
  1842 | D:3      | Reached skill level 1 in Summonings
  1842 | D:3      | Reached skill level 1 in Necromancy
  1842 | D:3      | Reached skill level 1 in Translocations
  1842 | D:3      | Reached skill level 1 in Transmutations
  1842 | D:3      | Reached skill level 1 in Fire Magic
  1842 | D:3      | Reached skill level 1 in Ice Magic
  1842 | D:3      | Reached skill level 1 in Air Magic
  1842 | D:3      | Reached skill level 1 in Earth Magic
  1842 | D:3      | Reached skill level 1 in Poison Magic
  1999 | D:3      | Reached XP level 5. HP: 42/47 MP: 6/6
  2081 | D:3      | Reached * piety under Qazlal
  2802 | D:4      | Found a sand-covered staircase.
  2809 | Ossuary  | Entered an ossuary
  2848 | Ossuary  | Reached XP level 6. HP: 29/53 MP: 8/8
  3145 | D:4      | Reached skill level 5 in Axes
  3154 | D:4      | Found a staircase to the Ecumenical Temple.
  3274 | D:4      | Reached ** piety under Qazlal
  3363 | D:4      | Noticed Blork the orc
  3466 | D:4      | Found a shimmering blue altar of Sif Muna.
  3946 | D:5      | Entered Level 5 of the Dungeon
  3955 | D:5      | Reached XP level 7. HP: 56/59 MP: 10/10
  3971 | D:5      | Found an opulent altar of Gozag.
  4310 | D:5      | Found a hazy altar of Hepliaklqana.
  4354 | D:5      | Reached XP level 8. HP: 67/67 MP: 12/12
  4580 | D:6      | Noticed a cyclops
  4589 | D:6      | Killed a cyclops
  5052 | D:6      | Reached *** piety under Qazlal
  5085 | D:6      | Found a bloodstained altar of Trog.
  5411 | D:6      | Reached XP level 9. HP: 72/72 MP: 14/14
  5577 | D:7      | Found Ukapux's Book Shoppe.
  5587 | D:7      | Bought a book of Air for 420 gold pieces
  5589 | D:7      | Learned a level 1 spell: Shock
  5699 | D:7      | Found Micvampo's Gadget Emporium.
  5788 | D:7      | Found Nuaman's Book Shoppe.
  6297 | D:7      | Reached **** piety under Qazlal
  6667 | D:8      | Found a shadowy altar of Dithmenos.
  6687 | D:8      | Reached skill level 5 in Invocations
  6702 | D:8      | Noticed a two-headed ogre
  6713 | D:8      | Killed a two-headed ogre
  6713 | D:8      | Reached XP level 10. HP: 35/80 MP: 15/17
  6719 | D:8      | Reached skill level 5 in Short Blades
  6719 | D:8      | Reached skill level 5 in Long Blades
  6719 | D:8      | Reached skill level 5 in Maces & Flails
  6719 | D:8      | Reached skill level 5 in Polearms
  6719 | D:8      | Reached skill level 5 in Staves
  6719 | D:8      | Reached skill level 5 in Slings
  6719 | D:8      | Reached skill level 5 in Bows
  6719 | D:8      | Reached skill level 5 in Crossbows
  6719 | D:8      | Reached skill level 5 in Throwing
  6719 | D:8      | Reached skill level 5 in Dodging
  6719 | D:8      | Reached skill level 5 in Stealth
  6719 | D:8      | Reached skill level 5 in Unarmed Combat
  6719 | D:8      | Reached skill level 5 in Spellcasting
  6719 | D:8      | Reached skill level 5 in Evocations
  6719 | D:8      | Noticed Psyche
  6727 | D:8      | Killed Psyche
  7436 | D:9      | Noticed Erolcha
  7445 | D:9      | Killed Erolcha
  7616 | D:9      | Found a roughly hewn altar of Beogh.
  7616 | D:9      | Found a staircase to the Orcish Mines.
  7723 | D:9      | Reached XP level 11. HP: 37/87 MP: 19/19
  7986 | D:9      | Noticed a two-headed ogre
  7994 | D:9      | Killed a two-headed ogre
  7995 | D:9      | Identified a scroll of acquirement
  7996 | D:9      | Got the +0 pair of gloves of the Dice {rC- Regen+ SInv}
  8506 | D:10     | Entered Level 10 of the Dungeon
  8508 | D:10     | Found a staircase to the Lair.
  8528 | D:10     | Reached skill level 5 in Conjurations
  8528 | D:10     | Reached skill level 5 in Hexes
  8528 | D:10     | Reached skill level 5 in Charms
  8528 | D:10     | Reached skill level 5 in Summonings
  8528 | D:10     | Reached skill level 5 in Necromancy
  8528 | D:10     | Reached skill level 5 in Translocations
  8528 | D:10     | Reached skill level 5 in Transmutations
  8528 | D:10     | Reached skill level 5 in Fire Magic
  8528 | D:10     | Reached skill level 5 in Ice Magic
  8528 | D:10     | Reached skill level 5 in Air Magic
  8528 | D:10     | Reached skill level 5 in Earth Magic
  8528 | D:10     | Reached skill level 5 in Poison Magic
  8558 | D:10     | Reached ***** piety under Qazlal
  8643 | D:10     | Noticed a red ugly thing
  8653 | D:10     | Noticed Sonja
  8654 | D:10     | Killed a red ugly thing
  8663 | D:10     | Killed Sonja
  9153 | D:11     | Noticed a two-headed ogre
  9171 | D:11     | Killed a two-headed ogre
  9172 | D:11     | Noticed a purple ugly thing
  9182 | D:11     | Noticed an unseen horror
  9184 | D:11     | Killed a purple ugly thing
  9195 | D:11     | Killed an unseen horror
  9256 | D:11     | Noticed a seven-headed hydra
  9268 | D:11     | Killed a seven-headed hydra
  9543 | D:11     | Got a fine great mace
  9572 | D:11     | Identified the +5 great mace of Delightful Judgement
                  | {drain, rPois rC+ rN+ Int+2} (You found it on level 11 of
                  | the Dungeon)
  9813 | Orc:1    | Entered Level 1 of the Orcish Mines
  9823 | Orc:1    | Reached XP level 12. HP: 76/96 MP: 22/22
  9835 | Orc:1    | Noticed Snorg
  9849 | Orc:1    | Killed Snorg
 10138 | Orc:2    | Entered Level 2 of the Orcish Mines
 10138 | Orc:2    | Found Heinos's Armour Boutique.
 10145 | Orc:2    | Noticed a two-headed ogre
 10158 | Orc:1    | Killed a two-headed ogre
 10609 | Orc:1    | Reached skill level 10 in Fighting
 10609 | Orc:1    | Reached skill level 10 in Armour
 10609 | Orc:1    | Reached skill level 10 in Shields
 10841 | Orc:2    | Reached XP level 13. HP: 66/103 MP: 24/24
 11039 | Orc:2    | Found a staircase to the Elven Halls.
 11316 | Orc:2    | Found Utaur's Magic Scroll Boutique.
 11316 | Orc:2    | Found Decy's Assorted Antiques.
 11318 | Orc:2    | Found Ocloqis's Antique Weapon Emporium.
 11320 | Orc:2    | Found Bamoboytz's Magic Scroll Shop.
 11325 | Orc:2    | Bought a runed helmet for 262 gold pieces
 11325 | Orc:2    | Bought a copper wand for 140 gold pieces
 11343 | Orc:2    | Bought a scroll of enchant armour for 90 gold pieces
 11343 | Orc:2    | Bought 3 scrolls of enchant weapon for 270 gold pieces
 11345 | Orc:2    | Bought a scroll of identify for 20 gold pieces
 11345 | Orc:2    | Bought a scroll of identify for 20 gold pieces
 11345 | Orc:2    | Bought a scroll of identify for 20 gold pieces
 11717 | Lair:1   | Entered Level 1 of the Lair of Beasts
 12337 | Lair:1   | Found a runed translucent door.
 12360 | Lair:1   | Found a shimmering altar of Xom.
 12361 | Lair:1   | Noticed pokeman's ghost (journeyman DEWz)
 12379 | Lair:1   | Killed pokeman's ghost
 12907 | Lair:2   | Found a staircase to the Swamp.
 13673 | Lair:3   | Found a staircase to the Snake Pit.
 13996 | Lair:3   | Reached XP level 14. HP: 98/111 MP: 21/26
 14439 | Lair:4   | Reached skill level 10 in Axes
 15567 | Lair:5   | Reached skill level 10 in Invocations
 15976 | Lair:5   | Found a burning altar of Makhleb.
 16200 | Lair:6   | Entered Level 6 of the Lair of Beasts
 16490 | Lair:6   | Found a viscous altar of Jiyva.
 16491 | Lair:6   | Found a staircase to the Slime Pits.
 16766 | Lair:6   | Reached XP level 15. HP: 119/119 MP: 28/28
 17403 | Lair:6   | Reached ****** piety under Qazlal
 17899 | Orc:2    | Bought a +1 plate armour of poison resistance for 416 gold
                  | pieces
 18014 | Swamp:1  | Entered Level 1 of the Swamp
 18265 | Swamp:1  | Reached skill level 10 in Short Blades
 18265 | Swamp:1  | Reached skill level 10 in Long Blades
 18265 | Swamp:1  | Reached skill level 10 in Maces & Flails
 18265 | Swamp:1  | Reached skill level 10 in Polearms
 18265 | Swamp:1  | Reached skill level 10 in Staves
 18265 | Swamp:1  | Reached skill level 10 in Slings
 18265 | Swamp:1  | Reached skill level 10 in Bows
 18265 | Swamp:1  | Reached skill level 10 in Crossbows
 18265 | Swamp:1  | Reached skill level 10 in Throwing
 18265 | Swamp:1  | Reached skill level 10 in Dodging
 18265 | Swamp:1  | Reached skill level 10 in Stealth
 18265 | Swamp:1  | Reached skill level 10 in Unarmed Combat
 18265 | Swamp:1  | Reached skill level 10 in Spellcasting
 18265 | Swamp:1  | Reached skill level 10 in Evocations
 18787 | Swamp:2  | Noticed a thorn hunter
 18797 | Swamp:2  | Slain by a shambling mangrove

Illustrated notes

Levels and vault maps discovered:
D:1:      dpeg_arrival_boxes_within_box, layout_loops_corners
D:2:      layout_rooms, grunt_temple_overflow_cloverleaf, tgw_kikubaaqudgha
D:3:      minmay_chambers_of_threes, layout_loops_ring, first_ration
D:4:      layout_loops_ring, tgw_sif, temple_doors_e, enter_ossuary_1
D:5:      layout_rooms, nicolae_gozag_seed_capital, lemuel_doored_altar,
          grunt_ministairs_9
D:6:      layout_cave_pods, wad_floor_pattern_untrapped, trog_hazing_becter
D:7:      layout_basic, serial_shops, shop_coins, nicolae_shop_behind_doors,
          kennysheep_mini
D:8:      layout_gridville, overflow_temple_1_default,
          kennysheep_generic_room_8, uniq_psyche
D:9:      layout_loops_cross, david_orc_5, blue_anna_alchemist
          [blue_anna_fruit_fields, blue_anna_fruit_fields], minmay_circle_x,
          uniq_erolcha
D:10:     layout_basic, due_lair_maze_entry_diamond, uniq_sonja
D:11:     layout_rooms
Lair:1:   layout_hall_layers, ebering_ghost_xom, minivault_26,
          grunt_megastairs_5
Lair:2:   layout_hall_layers, swamp_mist_pool, patterned_corridor,
          grunt_megastairs_4
Lair:3:   layout_chaotic_city, guppyfry_snake_entry_garden,
          hangedman_lair_generics_rect
Lair:4:   layout_cave_shapes, grunt_megastairs_3
Lair:5:   layout_long_grid, lemuel_centaur_altar
Lair:6:   hangedman_lair_caniforms_friends, layout_regular_city,
          hangedman_lair_tendril_chambers, dpeg_slime_entry_enclosed_altar
Swamp:1:  layout_basic_swamp, serial_swamp_ruin, evilmike_swamp_ruin_house_5,
          evilmike_swamp_ruin_house_3, swamp_pool5, infiniplex_staircase_pool
Swamp:2:  layout_falls_marsh, basic_altar, swamp_pool1
Orc:1:    layout_diamond_mine, uniq_snorg
Orc:2:    st_orc_rangers, layout_caves, serial_shops, shop

Skill      XL: |  1  2  3  4  5  6  7  8  9 10 11 12 13 14 15 |
---------------+----------------------------------------------+-----
Invocations    | 1 2 3 4 5 6 7 8 9 10 | 10.9
Short Blades   | 1 2 3 4 5 6 7 8 9 10 | 10.1
Long Blades    | 1 2 3 4 5 6 7 8 9 10 | 10.1
Maces & Flails | 1 2 3 4 5 6 7 8 9 10 | 10.1
Polearms       | 1 2 3 4 5 6 7 8 9 10 | 10.1
Staves         | 1 2 3 4 5 6 7 8 9 10 | 10.1
Slings         | 1 2 3 4 5 6 7 8 9 10 | 10.1
Bows           | 1 2 3 4 5 6 7 8 9 10 | 10.1
Crossbows      | 1 2 3 4 5 6 7 8 9 10 | 10.1
Throwing       | 1 2 3 4 5 6 7 8 9 10 | 10.1
Dodging        | 1 2 3 4 5 6 7 8 9 10 | 10.1
Stealth        | 1 2 3 4 5 6 7 8 9 10 | 10.1
Unarmed Combat | 1 2 3 4 5 6 7 8 9 10 | 10.1
Spellcasting   | 1 2 3 4 5 6 7 8 9 10 | 10.1
Evocations     | 1 2 3 4 5 6 7 8 9 10 | 10.1
Conjurations   | 1 2 3 4 5 6 7 8 |  8.5
Hexes          | 1 2 3 4 5 6 7 8 |  8.5
Charms         | 1 2 3 4 5 6 7 8 |  8.5
Summonings     | 1 2 3 4 5 6 7 8 |  8.5
Necromancy     | 1 2 3 4 5 6 7 8 |  8.5
Translocations | 1 2 3 4 5 6 7 8 |  8.5
Transmutations | 1 2 3 4 5 6 7 8 |  8.5
Fire Magic     | 1 2 3 4 5 6 7 8 |  8.5
Ice Magic      | 1 2 3 4 5 6 7 8 |  8.5
Air Magic      | 1 2 3 4 5 6 7 8 |  8.5
Earth Magic    | 1 2 3 4 5 6 7 8 |  8.5
Poison Magic   | 1 2 3 4 5 6 7 8 |  8.5
Axes           | 5 6 7 8 9 10 11 | 11.0
Fighting       | 7 8 9 10 11 | 11.8
Armour         | 7 8 9 10 11 | 11.8
Shields        | 7 8 9 10 11 | 11.8

Action                   |  1- 3 |  4- 6 |  7- 9 | 10-12 | 13-15 || total
-------------------------+-------+-------+-------+-------+-------++-------
Melee: War axe           |    90 |   135 |   240 |   391 |   259 ||  1115
       Bite              |    12 |    17 |    29 |    54 |    99 ||   211
       Broad axe         |       |       |       |       |   396 ||   396
Throw: Boomerang         |       |       |       |    72 |   161 ||   233
Invok: Upheaval          |       |       |       |     3 |     7 ||    10
       Disaster Area     |       |       |       |     2 |     4 ||     6
       Elemental Force   |       |       |       |     1 |     3 ||     4
Evoke: Wand              |       |       |       |    17 |     5 ||    22
  Use: Scroll            |       |    12 |     6 |    13 |    12 ||    43
       Potion            |       |     2 |       |       |     4 ||     6
  Eat: Chunk             |     1 |     7 |     7 |    11 |    25 ||    51
       Ration            |       |     1 |       |     1 |       ||     2
Armor: Scale mail        |    45 |    54 |    92 |   133 |   192 ||   516
       Skin              |       |     3 |       |       |       ||     3
       Plate armour      |       |       |       |       |    82 ||    82
Dodge: Dodged            |    35 |    59 |    69 |   181 |   384 ||   728
       Repelled          |       |       |       |    22 |    21 ||    43
Block: Kite shield       |    70 |    92 |   216 |   470 |   318 ||  1166
       Buckler           |       |       |       |       |   463 ||   463

Table legend:
 A = Non-vault XP
 B = Vault XP
 C = Vault XP percentage of total XP
 D = Non-vault monster count
 E = Vault monster count
 F = Vault count percentage of total count
                 A         B        C        D         E       F
            +---------+---------+-------+---------+---------+-------
      Total |   71780 |   43867 |  37.9 |     470 |     234 |  33.2
            +---------+---------+-------+---------+---------+-------
        D:1 |      48 |       0 |   0.0 |      22 |       0 |   0.0
        D:2 |      56 |       0 |   0.0 |      26 |       0 |   0.0
        D:3 |      58 |      34 |  37.0 |      22 |      12 |  35.3
        D:4 |     168 |       0 |   0.0 |      12 |       0 |   0.0
        D:5 |     771 |      11 |   1.4 |      20 |       1 |   4.8
        D:6 |    1050 |       9 |   0.8 |      19 |       6 |  24.0
        D:7 |    1621 |       0 |   0.0 |      34 |       0 |   0.0
        D:8 |    1756 |     418 |  19.2 |      26 |       1 |   3.7
        D:9 |    2195 |    2150 |  49.5 |      16 |      31 |  66.0
       D:10 |    1349 |    2043 |  60.2 |      12 |      11 |  47.8
       D:11 |    4112 |       0 |   0.0 |      18 |       0 |   0.0
     Lair:1 |    5076 |    2389 |  32.0 |      17 |       4 |  19.0
     Lair:2 |    1619 |       0 |   0.0 |       8 |       0 |   0.0
     Lair:3 |    8424 |    3122 |  27.0 |      27 |      11 |  28.9
     Lair:4 |    4850 |    4974 |  50.6 |      18 |       7 |  28.0
     Lair:5 |    8282 |     419 |   4.8 |      31 |       4 |  11.4
     Lair:6 |    8431 |   20947 |  71.3 |      35 |      89 |  71.8
    Swamp:1 |    8096 |       0 |   0.0 |      18 |       0 |   0.0
    Swamp:2 |    4277 |       0 |   0.0 |      10 |       0 |   0.0
      Orc:1 |    7958 |    3436 |  30.2 |      59 |      11 |  15.7
      Orc:2 |    1583 |    3741 |  70.3 |      20 |      30 |  60.0
    Ossuary |       0 |     174 | 100.0 |       0 |      16 | 100.0
            +---------+---------+-------+---------+---------+-------
